 Dungeon Crawl Stone Soup version 0.30.1-4-g462c640d31 (webtiles) character file.

Game seed: 13416715476938441557

26138 GohGoh the Severer (level 12, -2/115 HPs)
             Began as a Minotaur Fighter on Aug 10, 2023.
             Was a High Priest of Makhleb.
             Slain by an emperor scorpion (6 damage)
             ... on level 2 of the Lair of Beasts.
             The game lasted 00:52:48 (10208 turns).

GohGoh the Severer (Minotaur Fighter)              Turns: 10208, Time: 00:52:50

Health: -2/115     AC: 27    Str: 24    XL:     12   Next: 95%
Magic:  11/11      EV:  8    Int: 11    God:    Makhleb [*****.]
Gold:   561        SH:  6    Dex: 12    Spells: 11/11 levels left

rFire   . . .        q - +8 war axe "Tuoj" {vamp, Int+6}
rCold   + . .        c - +0 buckler
rNeg    . . .        l - +5 plate armour of Valiance {+Blink rC+}
rPois   .            (helmet restricted)
rElec   .            N - +0 cloak
rCorr   +            (no gloves)
SInv    .            K - +0 pair of boots
Will    .....        (no amulet) Stlth
                     m - ring of resist corrosion
HPRegen 0.39/turn    M - +4 ring of protection
MPRegen 0.12/turn

%: no passive effects
@: lethally poisoned (-2 -> -59)
A: horns 2, retaliatory headbutt
a: Renounce Religion, Evoke Blink, Minor Destruction, Lesser Servant of Makhleb,
Major Destruction, Greater Servant of Makhleb


You were on level 2 of the Lair of Beasts.
You worshipped Makhleb.
Makhleb was extremely pleased with you.
You visited 4 branches of the dungeon, and saw 15 of its levels.
You also visited: Bailey.

You collected 817 gold pieces.
You spent 256 gold pieces at shops.

Inventory:

Hand Weapons
 a - a +4 battleaxe of freezing
 h - a +2 dagger of venom
 q - the +8 war axe "Tuoj" (weapon) {vamp, Int+6}
   (You found it on level 3 of the Dungeon)

   Int:       It affects your intelligence (+6).
 x - a +5 great sword
 F - a +4 flail of protection
 G - a +0 short sword of speed
Missiles
 i - 67 stones (quivered)
 E - a throwing net
Armour
 b - a +3 leather armour
 c - a +0 buckler (worn)
 l - the +5 plate armour of Valiance (worn) {+Blink rC+}
   (You acquired it on level 6 of the Dungeon)

   rC:        It protects you from cold.
   +Blink:    It lets you blink.
 C - a +0 chain mail
 H - a +1 chain mail of willpower
 K - a +0 pair of boots (worn)
 N - a +0 cloak (worn)
Magical Staves
 Q - a staff of poison
Jewellery
 m - a ring of resist corrosion (left hand)
 v - a ring of see invisible
 B - a +6 ring of intelligence
 M - a +4 ring of protection (right hand)
 R - a ring of flight
 S - a ring of protection from cold
Wands
 w - a wand of light (10)
 L - a wand of mindburst (6)
 T - a wand of flame (6)
Scrolls
 e - 2 scrolls of summoning
 f - 3 scrolls of amnesia
 n - 2 scrolls of immolation
 p - 4 scrolls of brand weapon
 r - 3 scrolls of magic mapping
 s - 4 scrolls of teleportation
 y - a scroll of fog
 z - a scroll of poison
 A - a scroll of blinking
 O - a scroll of torment
 P - a scroll of enchant armour {unknown}
 U - 2 scrolls of fear
 W - 2 scrolls of vulnerability {unknown}
 Y - a scroll of identify
Potions
 d - 3 potions of might
 g - 3 potions of magic
 j - a potion of cancellation {unknown}
 k - 2 potions of brilliance {unknown}
 o - 2 potions of curing
 t - 4 potions of mutation {unknown}
 u - a potion of ambrosia {unknown}
 I - 2 potions of resistance {unknown}
 J - 2 potions of haste {unknown}
 V - a potion of attraction {unknown}
 X - a potion of berserk rage {unknown}
Miscellaneous
 Z - a phial of floods


   Skills:
 + Level 13.4 Fighting
 + Level 4.3 Long Blades
 - Level 16.0 Axes
 + Level 3.1 Throwing
 + Level 12.0 Armour
 + Level 3.0 Dodging
 + Level 2.9 Stealth
 + Level 9.7 Shields


You had 11 spell levels left.
You didn't know any spells.
Your spell library contained the following spells:

 Spells                   Type           Power      Damage    Failure   Level
 Magic Dart               Conj           0%         1d3       99%         1
 Sandblast                Erth           0%         2d4       99%         1
 Summon Small Mammal      Summ           0%         N/A       99%         1
 Call Imp                 Summ           0%         N/A       99%         2
 Ensorcelled Hibernation  Hex/Ice        0%         N/A       99%         2
 Passwall                 Tmut/Erth      0%         N/A       99%         2
 Static Discharge         Conj/Air       0%         2-2/arc   99%         2
 Call Canine Familiar     Summ           0%         N/A       100%        3
 Mephitic Cloud           Conj/Pois/Air  0%         N/A       100%        3
 Spider Form              Tmut/Pois      0%         N/A       100%        3
 Stone Arrow              Conj/Erth      0%         3d7       100%        3
 Summon Guardian Golem    Hex/Summ       0%         N/A       100%        3
 Airstrike                Air            0%         2d(0-16)  100%        4
 Anguish                  Hex/Necr       0%         N/A       100%        4
 Summon Lightning Spire   Summ/Air       0%         N/A       100%        4


Dungeon Overview and Level Annotations

Branches:
Dungeon (10/15)            Temple (1/1) D:7            Lair (3/5) D:10
 Shoals (0/4) Lair:3       Spider (1/4) Lair:2       Bailey (visited)
    Orc: D:9-12

Altars:
Ashenzari
Cheibriados
Dithmenos
Elyvilon
Fedhas
Gozag
Hepliaklqana
Kikubaaqudgha
Makhleb
Nemelex Xobeh
Okawaru
Qazlal
Ru
Sif Muna
Trog
Uskayaw
Vehumet
Wu Jian
Xom
Yredelemnul
Zin
The Shining One

Shops:
D:6 !   D:9 *


Innate Abilities, Weirdness & Mutations

You have a pair of horns on your head.
You reflexively headbutt those who attack you in melee.


Message History

You feel better.
The emperor scorpion stings you but does no damage.
The emperor scorpion claws you.
* * * LOW HITPOINT WARNING * * *
The emperor scorpion claws you but does no damage.
You feel better.
The emperor scorpion stings you but does no damage.
You block the emperor scorpion's attack. x2
You feel better.
The emperor scorpion stings you but does no damage.
The emperor scorpion claws you but does no damage.
You block the emperor scorpion's attack.
The emperor scorpion stings you!
* * * LOW HITPOINT WARNING * * *
You are lethally poisoned!
The emperor scorpion poisons you!
The emperor scorpion claws you but does no damage. x2
Aiming: Throw Flame
Press: ? - help, Shift-Dir - straight line, f - emperor scorpion
Aim: an emperor scorpion (lightly wounded, 81% to hit)
Okay, then.
You closely miss the emperor scorpion.
Your headbutt misses the emperor scorpion.
The emperor scorpion is lightly wounded.
* * * LOW HITPOINT WARNING * * *
You feel very sick.
Aiming: Throw Flame
Press: ? - help, Shift-Dir - straight line, f - emperor scorpion
Aim: an emperor scorpion (lightly wounded, 81% to hit)
The puff of flame hits the emperor scorpion.
The emperor scorpion is lightly wounded.
* * * LOW HITPOINT WARNING * * *
You feel very sick. The emperor scorpion stings you.
* * * LOW HITPOINT WARNING * * *
You are more poisoned.
The emperor scorpion poisons you!
The emperor scorpion claws you but does no damage. x2
The emperor scorpion stings you.
You die...

###.#.....#.##.##
##.^#..#.#.......##
#.#...^..#.......P###
#...#^.##.^^......#.# ##
##.#.##†##^#^........###.
##..^###>##.....>....##...
#.#.#^##..###............#
####^.^^#s†#^^........#P.#
#..^##^@#.#.......######
##.#.#.#.#..####..#
###^##.^#### #.## ####.##
###.# # ### ##...## #
##.#...#### #
#.........### ##
#...........# .##
##..........#


You could see an emperor scorpion.

Vanquished Creatures
  A hydra (Lair:3)
  2 vault guards (Bailey)
  A catoblepas (Lair:1)
  2 skysharks
  Pikel (D:8)
  Joseph (Lair:1)
  3 black mambas (Lair:3)
  2 demonic crawlers (Lair:2)
  A cane toad (Lair:2)
  A torpor snail (Lair:2)
  3 komodo dragons
  A troll (D:9)
  A polar bear (Lair:3)
  4 tarantellas (Lair:2)
  Prince Ribbit (Bailey)
  22 blink frogs
  7 dream sheep
  A jumping spider (Lair:2)
  3 wraiths (D:9)
  25 yaks
  7 wyverns
  2 basilisks
  A steam dragon (D:8)
  A human (Bailey)
  6 redbacks
  Edmund (D:6)
  Duvessa (D:6)
  7 water moccasins
  4 orc warriors
  A black bear (D:3)
  6 ice beasts
  2 centaurs
  A phantom (D:5)
  4 kobold brigands
  18 bullfrogs
  7 scorpions
  14 wights
  Dowan (D:6)
  10 killer bees
  3 orc priests
  A sleepcap (D:7)
  An iguana (D:7)
  6 hell rats (Lair:1)
  5 orc wizards
  8 adders
  2 gnolls (D:8)
  A shadow imp (D:7)
  2 white imps
  2 worms
  2 dart slugs
  23 orcs
  7 bats
  7 endoplasms
  8 giant cockroaches
  9 goblins
  9 hobgoblins
  6 jackals
  21 kobolds
  4 quokkas
  6 ball pythons
  5 frilled lizards
  10 rats
325 creatures vanquished.

Notes
Turn   | Place    | Note
-------+----------+-------------------------------------------
     0 | D:1      | GohGoh the Minotaur Fighter began the quest for the Orb.
     0 | D:1      | Reached XP level 1. HP: 19/19 MP: 0/0
    78 | D:1      | Reached XP level 2. HP: 14/27 MP: 1/1
   464 | D:1      | Reached XP level 3. HP: 29/33 MP: 2/2
  1028 | D:2      | Reached XP level 4. HP: 40/40 MP: 3/3
  1491 | D:3      | Identified the +8 war axe "Tuoj" {vamp, Int+6}
  1628 | D:3      | Found a faded altar of an unknown god.
  1634 | D:3      | Found a hazy altar of Hepliaklqana.
  1979 | D:4      | Noticed a black bear
  1987 | D:3      | Killed a black bear
  1988 | D:3      | Reached skill level 1 in Axes
  1988 | D:3      | Reached skill level 5 in Armour
  1988 | D:3      | Reached skill level 1 in Dodging
  1988 | D:3      | Reached XP level 5. HP: 42/47 MP: 4/4
  2063 | D:4      | Reached skill level 3 in Axes
  2063 | D:4      | Reached XP level 6. HP: 22/53 MP: 5/5
  2357 | D:4      | Found a shimmering blue altar of Sif Muna.
  2456 | D:5      | Entered Level 5 of the Dungeon
  2822 | D:5      | Found a burning altar of Makhleb.
  2849 | D:5      | Found a hide-covered altar of Uskayaw.
  2883 | D:5      | Became a worshipper of Makhleb the Destroyer
  3252 | D:5      | Reached skill level 4 in Axes
  3318 | D:5      | Noticed a yak
  3318 | D:5      | Noticed a yak
  3318 | D:5      | Noticed a yak
  3318 | D:5      | Noticed a yak
  3323 | D:5      | Killed a yak
  3324 | D:5      | Reached skill level 5 in Fighting
  3324 | D:5      | Reached XP level 7. HP: 61/61 MP: 6/6
  3325 | D:5      | Killed a yak
  3326 | D:5      | Reached skill level 5 in Axes
  3326 | D:5      | Reached skill level 1 in Throwing
  3329 | D:5      | Killed a yak
  3330 | D:5      | Reached skill level 6 in Axes
  3334 | D:5      | Killed a yak
  3335 | D:5      | Reached skill level 1 in Stealth
  3335 | D:5      | Reached XP level 8. HP: 69/69 MP: 7/7
  3346 | D:5      | Reached * piety under Makhleb
  3574 | D:6      | Reached skill level 7 in Axes
  3583 | D:6      | Found Urghaz's Distillery.
  3588 | D:6      | Bought a potion of curing for 42 gold pieces
  3588 | D:6      | Bought a potion of curing for 42 gold pieces
  3588 | D:6      | Bought a potion of curing for 42 gold pieces
  3588 | D:6      | Bought a potion of heal wounds for 70 gold pieces
  3662 | D:6      | Noticed Edmund
  3673 | D:6      | Killed Edmund
  3717 | D:6      | Reached skill level 8 in Axes
  3888 | D:6      | Noticed Duvessa
  3891 | D:6      | Noticed Dowan
  3900 | D:6      | Killed Duvessa
  3903 | D:6      | Killed Dowan
  3962 | D:6      | Reached skill level 9 in Axes
  3962 | D:6      | Reached skill level 5 in Shields
  3972 | D:6      | Reached XP level 9. HP: 75/75 MP: 8/8
  3989 | D:6      | Identified a scroll of acquirement
  3990 | D:6      | Acquired the +5 plate armour of Valiance {+Blink rC+}
  4508 | D:7      | Reached skill level 10 in Axes
  4512 | D:7      | Reached ** piety under Makhleb
  4832 | D:7      | Found a staircase to the Ecumenical Temple.
  4842 | Temple   | Entered the Ecumenical Temple
  5832 | D:8      | Reached XP level 10. HP: 89/89 MP: 9/9
  5844 | D:8      | Found a flagged portal.
  5868 | Bailey   | Entered a bailey
  5911 | Bailey   | Reached skill level 11 in Axes
  5926 | Bailey   | Noticed a vault guard
  5926 | Bailey   | Noticed Prince Ribbit
  5936 | Bailey   | Killed a vault guard
  5936 | Bailey   | Reached *** piety under Makhleb
  5941 | Bailey   | Killed Prince Ribbit
  5974 | Bailey   | Noticed a vault guard
  5985 | Bailey   | Killed a vault guard
  5986 | Bailey   | Reached skill level 12 in Axes
  6176 | D:8      | Noticed Pikel
  6191 | D:8      | Killed Pikel
  6679 | D:9      | Reached skill level 13 in Axes
  6761 | D:9      | Reached XP level 11. HP: 97/97 MP: 10/10
  6803 | D:9      | Found Himy's Assorted Antiques.
  6810 | D:9      | Bought a scroll of identify for 60 gold pieces
  7453 | D:10     | Entered Level 10 of the Dungeon
  7463 | D:10     | Reached skill level 10 in Fighting
  7498 | D:10     | Reached **** piety under Makhleb
  7529 | D:10     | Reached skill level 14 in Axes
  7568 | D:10     | Found a staircase to the Lair.
  7580 | Lair:1   | Entered Level 1 of the Lair of Beasts
  7580 | Lair:1   | Noticed Joseph
  7609 | Lair:1   | Reached skill level 10 in Armour
  7620 | Lair:1   | Killed Joseph
  7749 | Lair:1   | Identified the +10 long sword of Syttofi {freeze, Str+3
                  | Dex+2}
  7762 | Lair:1   | Reached skill level 15 in Axes
  8199 | Lair:1   | Noticed a catoblepas
  8248 | Lair:1   | Killed a catoblepas
  8389 | Lair:2   | Reached XP level 12. HP: 110/110 MP: 11/11
  8564 | Lair:2   | Reached ***** piety under Makhleb
  8601 | Lair:2   | Identified the +1 ring mail "Tutuizuts" {rCorr Int-3 SInv}
  8812 | Lair:2   | Found a hole to the Spider Nest.
  8824 | Spider:1 | Entered Level 1 of the Spider Nest
  8852 | Lair:2   | Reached skill level 16 in Axes
 10003 | Lair:3   | Found a staircase to the Shoals.
 10078 | Lair:3   | Noticed a six-headed hydra
 10104 | Lair:3   | Killed a 16-headed hydra
 10162 | Spider:1 | Noticed an emperor scorpion
 10175 | Spider:1 | Noticed an entropy weaver
 10208 | Lair:2   | HP: 4/115 [emperor scorpion (6)]
 10208 | Lair:2   | Slain by an emperor scorpion

Illustrated notes

Levels and vault maps discovered:
D:1:      sevenhm_arrival_forest_fort_small_3, layout_basic, serial_bayou_pond_b
D:2:      layout_loops_cross, dreamdust_mushroom_princess,
          lightli_corner_chamber
D:3:      layout_basic, nicolae_overflow_ecumenical_swirl
D:4:      layout_basic, mainiacjoe_overflow_alcove_1
D:5:      cheibrodos_quashed, layout_loops_corners,
          mainiacjoe_overflow_two_lobes
D:6:      layout_cave_pools, serial_shops, shop, uniq_duvessa, uniq_edmund
D:7:      layout_loops_ring, minmay_temple_entry_statues_pillars
D:8:      layout_loops_ring, enter_bailey_7, hangedman_decor_diamond_cutter,
          bh_walls_and_bars, uniq_pikel
D:9:      layout_stronghold, serial_shops, shop, chequers_mini_garden,
          minivault_19
D:10:     layout_rooms, grunt_lair_entry_orc_guard_hut, orc_0_dummy
Temple:   nicolae_temple_two_arcs
Lair:1:   layout_regular_city, uniq_joseph
Lair:2:   layout_cave_pods, spider_nest_entry_rubble, grunt_megastairs_4
Lair:3:   layout_cave_pods, elwin_shoals_entry_rocks,
          chequers_serial_rivers_large_a
Spider:1: layout_spider_delve, uniq_aizul

Skill      XL: |  1  2  3  4  5  6  7  8  9 10 11 12 |
---------------+-------------------------------------+-----
Armour         | 4 5 6 7 8 9 10 12 | 12.0
Fighting       | 4 5 6 8 9 11 13 | 13.4
Shields        | 4 5 6 7 8 9 |  9.7
Long Blades    | 3 4 |  4.3
Axes           | 1 3 4 6 9 10 13 15 16 | 16.0
Dodging        | 1 2 3 |  3.0
Throwing       | 1 2 3 |  3.1
Stealth        | 1 2 |  2.9

Action                     |  1- 3 |  4- 6 |  7- 9 | 10-12 || total
---------------------------+-------+-------+-------+-------++-------
  Melee: Long sword        |   102 |    23 |       |       ||   125
         Headbutt          |    12 |    12 |    25 |   100 ||   149
         War axe           |       |    86 |   206 |   519 ||   811
  Throw: Stone             |     1 |    15 |    18 |    12 ||    46
  Evoke: Wand              |       |       |       |     1 ||     1
    Use: Potion            |       |     5 |     1 |     7 ||    13
         Scroll            |       |     3 |     5 |     5 ||    13
   Stab: Petrified         |       |       |       |     3 ||     3
         Petrifying        |       |       |       |     1 ||     1
         Held in net/web   |       |       |       |     1 ||     1
 Armour: Scale mail        |    59 |    54 |       |       ||   113
         Chain mail        |       |     1 |    27 |       ||    28
         Plate armour      |       |       |    51 |   410 ||   461
  Dodge: Dodged            |    60 |    45 |    64 |   200 ||   369
  Block: Buckler           |    15 |    26 |    46 |   137 ||   224
